 Dungeon Crawl Stone Soup version 0.30.1-11-g7821555f0a (webtiles) character file.

Game seed: 8362450307864235571

15651 comborobin the Fighter (level 12, -8/118 HPs)
             Began as a Pale Draconian Delver on Nov 19, 2023.
             Was a Priest of Cheibriados.
             Mangled by a red ugly thing (9 damage)
             ... on level 12 of the Dungeon.
             The game lasted 00:17:02 (12802 turns).

comborobin the Fighter (Pale Draconian Delver)     Turns: 12802, Time: 00:17:02

Health: -8/118     AC: 12    Str: 23    XL:     12   Next: 3%
Magic:  12/12      EV: 12    Int: 19    God:    Cheibriados [***...]
Gold:   472        SH:  7    Dex: 22    Spells: 11/11 levels left

rFire   + .          .
                       - Unarmed
rCold   + . .        t - +1 buckler {reflect}
rNeg    . . .        (body armour unavailable)
rPois   +            (helmet restricted)
rElec   +            q - +0 cloak
rCorr   +            z - +1 pair of gloves "Plog" {rElec}
SInv    .            r - +0 pair of boots
Will    .....        (no amulet)
Stlth   +++          (no ring)
HPRegen 0.39/turn    (no ring)
MPRegen 0.13/turn

%: reflection
@: mighty, short of breath, resistant, very slow
A: breathe steam, AC +8, unfitting armour, cold-blooded, steam resistance
a: Breathe Steam, Renounce Religion, Bend Time, Temporal Distortion


You were on level 12 of the Dungeon.
You worshipped Cheibriados.
Cheibriados was most pleased with you.
You visited 2 branches of the dungeon, and saw 13 of its levels.

You collected 719 gold pieces.
You spent 247 gold pieces at shops.

Inventory:

Hand Weapons
 k - a +0 long sword of flaming
 s - the +4 spear of Fear {freeze, rN++}
   (You found it on level 2 of the Dungeon)

   rN:        It greatly protects you from negative energy.
Missiles
 C - 4 throwing nets (quivered)
Armour
 q - a +0 cloak (worn)
 r - a +0 pair of boots (worn)
 t - a +1 buckler of reflection (worn)
 z - the +1 pair of gloves "Plog" (worn) {rElec}
   (You found it on level 7 of the Dungeon)

   rElec:     It insulates you from electricity.
 G - a +0 cloak of preservation
Jewellery
 g - a ring of flight
 w - a +4 ring of protection
 y - a ring of wizardry
Wands
 e - a wand of digging (3)
 D - a wand of iceblast (10)
Scrolls
 a - 2 scrolls of fog
 h - 8 scrolls of identify {unknown}
 l - 3 scrolls of silence {unknown}
 n - 4 scrolls of teleportation {unknown}
 p - a scroll of blinking {unknown}
 v - 2 scrolls of brand weapon {unknown}
 F - a scroll of torment {unknown}
 I - a scroll of amnesia {unknown}
 J - 2 scrolls of poison {unknown}
 L - a scroll of acquirement {unknown}
 M - a scroll of enchant weapon {unknown}
Potions
 c - 2 potions of curing
 d - 4 potions of brilliance
 i - 2 potions of might
 j - 4 potions of haste
 m - a potion of flight
 o - a potion of attraction {unknown}
 A - a potion of cancellation {unknown}
 B - a potion of magic {unknown}
 H - a potion of ambrosia {unknown}
Miscellaneous
 K - a phial of floods (inert)


   Skills:
 + Level 14.8 Fighting
 - Level 1.7 Dodging
 - Level 4.5 Stealth
 - Level 5.0 Shields
 * Level 13.6 Unarmed Combat


You had 11 spell levels left.
You didn't know any spells.
Your spell library contained the following spells:

 Spells                   Type           Power      Damage    Failure   Level
 Beastly Appendage        Tmut           0%         N/A       24%         1
 Slow                     Hex            0%         N/A       24%         1
 Cigotuvi's Dreadful Rot  Necr/Pois/Air  0%         N/A       36%         2
 Wereblood                Tmut           0%         N/A       36%         2
 Confusing Touch          Hex            0%         N/A       58%         3
 Ignite Poison            Fire/Tmut/Pois 0%         N/A       58%         3
 Inner Flame              Hex/Fire       0%         N/A       58%         3
 Spider Form              Tmut/Pois      0%         N/A       58%         3
 Stone Arrow              Conj/Erth      0%         3d7       58%         3
 Vampiric Draining        Necr           0%         2d6       58%         3
 Flame Wave               Conj/Fire      0%         2d4       94%         4
 Sticky Flame             Conj/Fire      0%         2d3       94%         4
 Freezing Cloud           Conj/Ice/Air   0%         6-21      100%        5
 Yara's Violent Unravell  Hex/Tmut       0%         3d3       100%        5
 Enfeeble                 Hex            0%         N/A       100%        7
 Lehudib's Crystal Spear  Conj/Erth      0%         10d2      100%        8
 Animate Armour           Summ/Erth      Unusable   N/A       N/A         4

Dungeon Overview and Level Annotations

Branches:
Dungeon (12/15)            Temple (1/1) D:6            Lair (0/5) D:9
    Orc: D:9-12

Altars:
Ashenzari
Cheibriados
Dithmenos
Elyvilon
Fedhas
Gozag
Hepliaklqana
Kikubaaqudgha
Makhleb
Okawaru
Qazlal
Ru
Sif Muna
Trog
Uskayaw
Vehumet
Wu Jian
Xom
Yredelemnul
Zin
The Shining One

Shops:
D:1 [   D:5 =   D:7 [   D:9 (

Annotations:
D:4 2 transporters, jfcaron's ghost, amateur OgMo
D:5 exclusion: wight


Innate Abilities, Weirdness & Mutations

You can breathe blasts of scalding, opaque steam.
Your pale cyan-grey scales are hard. (AC +8)
You cannot fit into any form of body armour.
You are cold-blooded and may be slowed by cold attacks.
You are immune to the effects of steam.


Message History

Okay, then.
Okay, then.
Okay, then.
Okay, then.
Okay, then.
Attack: -) Nothing wielded
Press: ? - help, Dir - move target, f - red ugly thing
Aim: a red ugly thing (severely wounded, about 26% to evade your hands)
Okay, then.
Okay, then.
You feel much better.
The red ugly thing pecks you but does no damage.
It was a potion of might.
You feel very mighty all of a sudden. The red ugly thing pecks you.
You are engulfed in flames!!
* * * LOW HITPOINT WARNING * * *
You feel much better. The red ugly thing pecks you.
You are engulfed in flames!
* * * LOW HITPOINT WARNING * * *
You punch the red ugly thing!
The red ugly thing is almost dead.
You closely miss the red ugly thing.
The red ugly thing is almost dead.
The red ugly thing barely misses you.
You closely miss the red ugly thing.
The red ugly thing is almost dead.
The red ugly thing pecks you!
* * * LOW HITPOINT WARNING * * *
You are engulfed in flames!
* * * LOW HITPOINT WARNING * * *
You feel much better. The red ugly thing pecks you.
* * * LOW HITPOINT WARNING * * *
You are engulfed in flames!!
* * * LOW HITPOINT WARNING * * *
Okay, then.
You feel protected. The red ugly thing closely misses you.
You feel better. The red ugly thing pecks you!
* * * LOW HITPOINT WARNING * * *
You are engulfed in flames!
You resist.
You die...

######..####### ##...
............... ....
#######........ ...
#..#########..####
#######.................
........................
####................u...
#..##########u# #..# #@#
#..# #.#
####..##########.#########
........).)...............
........))................
......................##
###...................#
#.).................#
#...................#
#######


You could see a red ugly thing.

Vanquished Creatures
  Harold (D:10)
  A tengu warrior (D:11)
  2 two-headed ogres (D:10)
  A boulder beetle (D:11)
  Pikel (D:8)
  A necromancer (D:12)
  A deep elf pyromancer (D:12)
  An ugly thing (D:12)
  2 manticores (D:12)
  Maurice (D:8)
  An ice statue (D:9)
  A gargoyle (D:11)
  Maggie (D:7)
  A kobold demonologist (D:10)
  2 unseen horrors
  A komodo dragon (D:9)
  A freezing wraith (D:12)
  A troll (D:11)
  A hornet (D:12)
  2 wraiths
  A vampire (D:10)
  3 wyverns
  5 yaks (D:11)
  6 vampire mosquitoes (D:12)
  A steam dragon (D:6)
  3 acid dragons
  2 water moccasins
  An ice beast (D:6)
  4 orc warriors
  A sky beast (D:8)
  2 ogres
  7 centaurs
  2 lemures (D:8)
  A phantom (D:5)
  4 kobold brigands
  5 scorpions
  A wyvern zombie (D:9)
  A bullfrog (D:8)
  A gnoll sergeant (D:7)
  14 wights
  2 howler monkeys (D:6)
  A centaur zombie (D:9)
  3 jellies (D:6)
  2 hounds
  9 orc priests
  2 centaur skeletons (D:9)
  An iguana (D:6)
  Terence (D:2)
  A sleepcap (D:4)
  5 orc wizards
  A spectral killer bee (D:9)
  3 gnolls (D:7)
  6 adders
  A shadow imp (D:6)
  2 white imps (D:8)
  3 ufetubi
  25 orcs
  3 ball pythons
  10 endoplasms
  7 goblins
  6 hobgoblins
  4 jackals
  30 kobolds
  4 quokkas
  5 bats
  3 frilled lizards
  6 rats
235 creatures vanquished.

Vanquished Creatures (collateral kills)
  A two-headed ogre (D:10)
1 creature vanquished.

Grand Total: 236 creatures vanquished

Notes
Turn   | Place    | Note
-------+----------+-------------------------------------------
     0 | D:5      | comborobin the Draconian Delver began the quest for the
                  | Orb.
     0 | D:5      | Reached XP level 1. HP: 19/19 MP: 1/1
     7 | D:6      | Noticed a kobold brigand
    42 | D:5      | Noticed a scorpion
    82 | D:5      | Noticed a scorpion
    94 | D:5      | Noticed a phantom
    98 | D:5      | Noticed an ogre
   109 | D:5      | Found Muhed's Jewellery Shop.
   381 | D:4      | Reached XP level 2. HP: 23/26 MP: 2/2
   515 | D:4      | Reached XP level 3. HP: 23/31 MP: 3/3
   798 | D:4      | Found a transporter.
   801 | D:4      | Noticed jfcaron's ghost (amateur OgMo)
   825 | D:4      | Found a transporter.
  1428 | D:5      | Reached XP level 4. HP: 38/38 MP: 4/4
  1447 | D:5      | Reached skill level 5 in Unarmed Combat
  1449 | D:5      | Killed a phantom
  1450 | D:5      | Reached XP level 5. HP: 32/45 MP: 5/5
  1453 | D:5      | Killed an ogre
  1454 | D:5      | Reached XP level 6. HP: 11/51 MP: 6/6
  1660 | D:5      | Reached skill level 4 in Fighting
  1698 | D:5      | Reached skill level 5 in Fighting
  1745 | D:6      | Identified the +1 ring mail "Idokhugh" {Stlth+}
  1832 | D:6      | Your scales start taking on a pale cyan-grey colour.
  1832 | D:6      | Reached XP level 7. HP: 53/61 MP: 7/7
  1832 | D:6      | Gained mutation: You are immune to the effects of steam.
                  | [Pale Draconian growth]
  1961 | D:6      | Reached skill level 6 in Fighting
  2263 | D:6      | Noticed a steam dragon
  2274 | D:6      | Killed a steam dragon
  2275 | D:6      | Reached skill level 7 in Fighting
  2306 | D:6      | Reached skill level 8 in Fighting
  2306 | D:6      | Reached XP level 8. HP: 21/74 MP: 8/8
  2445 | D:6      | Reached skill level 9 in Fighting
  2520 | D:6      | Found a staircase to the Ecumenical Temple.
  2593 | Temple   | Entered the Ecumenical Temple
  3057 | D:5      | Reached skill level 10 in Fighting
  3667 | D:3      | Found a hazy altar of Hepliaklqana.
  4459 | D:2      | Noticed Terence
  4464 | D:2      | Killed Terence
  4663 | D:2      | Identified the +4 spear of Fear {freeze, rN++}
  5151 | D:1      | Found Soekhleota's Antique Armour Emporium.
  5162 | D:1      | Bought a glowing buckler for 247 gold pieces
  6090 | D:7      | Found a shimmering altar of Xom.
  6094 | D:7      | Found an ornate altar of the Wu Jian Council.
  6098 | D:7      | Found an ancient bone altar of Kikubaaqudgha.
  6144 | D:7      | Identified the +1 pair of gloves "Plog" {rElec}
  6303 | D:7      | Noticed Maggie
  6321 | D:7      | Killed Maggie
  6322 | D:7      | Reached XP level 9. HP: 86/86 MP: 9/9
  6510 | D:7      | Found a burning altar of Makhleb.
  6614 | D:7      | Found Nucunawa's Antique Armour Shoppe.
  7012 | D:8      | Noticed Pikel
  7023 | D:8      | Killed Pikel
  7024 | D:8      | Reached skill level 11 in Fighting
  7024 | D:8      | Reached skill level 5 in Shields
  7636 | D:8      | Noticed Maurice
  7657 | D:8      | Killed Maurice
  7658 | D:8      | Reached skill level 12 in Fighting
  7673 | D:9      | Found a snail-covered altar of Cheibriados.
  7680 | D:9      | Found an opulent altar of Gozag.
  7682 | D:9      | Became a worshipper of Cheibriados the Contemplative
  7744 | D:9      | Found a glowing golden altar of the Shining One.
  7811 | D:9      | Found a staircase to the Lair.
  7812 | D:9      | Noticed a komodo dragon
  7833 | D:9      | Killed a komodo dragon
  7834 | D:9      | Reached XP level 10. HP: 73/97 MP: 10/10
  7998 | D:9      | HP: 2/97 [something (7)]
  8294 | D:9      | Noticed an ice statue
  8484 | D:9      | Reached * piety under Cheibriados
  8753 | D:9      | Killed an ice statue
  9123 | D:9      | Found Bueqohots's Weapon Shoppe.
  9618 | D:9      | Reached skill level 13 in Fighting
  9675 | D:10     | Entered Level 10 of the Dungeon
  9685 | D:10     | Noticed a two-headed ogre
  9703 | D:10     | Killed a two-headed ogre
  9704 | D:10     | Reached skill level 10 in Unarmed Combat
 10191 | D:10     | Noticed Harold
 10195 | D:10     | Noticed a two-headed ogre
 10206 | D:10     | Killed Harold
 10207 | D:10     | Killed a two-headed ogre
 10208 | D:10     | Reached XP level 11. HP: 49/107 MP: 11/11
 10449 | D:10     | Reached ** piety under Cheibriados
 10732 | D:10     | Noticed a two-headed ogre
 10741 | D:10     | Killed a two-headed ogre
 11437 | D:11     | Reached skill level 14 in Fighting
 11664 | D:11     | Noticed a boulder beetle
 11679 | D:11     | Killed a boulder beetle
 11890 | D:11     | Noticed a tengu warrior
 11898 | D:11     | Killed a tengu warrior
 12179 | D:12     | Reached *** piety under Cheibriados
 12258 | D:12     | Noticed a white ugly thing
 12267 | D:12     | Killed a white ugly thing
 12288 | D:12     | Noticed a necromancer
 12301 | D:12     | Killed a necromancer
 12515 | D:12     | Noticed a deep elf pyromancer
 12525 | D:12     | Killed a deep elf pyromancer
 12543 | D:12     | Reached XP level 12. HP: 39/118 MP: 12/12
 12583 | D:12     | Noticed a six-headed hydra
 12656 | D:12     | Identified the +7 halberd "Muytsuck" {heavy, Will+ Int+3
                  | SInv}
 12656 | D:12     | Noticed an ogre mage
 12800 | D:12     | HP: 2/118 [red ugly thing (20)]
 12802 | D:12     | Mangled by a red ugly thing

Illustrated notes

Levels and vault maps discovered:
D:1:      arrival_aquarium_b, layout_basic, serial_shops, shop,
          minmay_misc_feat_iff
D:2:      layout_loops_ring, uniq_terence
D:3:      layout_rooms, mainiacjoe_overflow_boulevard, serial_co_window_serial,
          co_window_paths_a, co_window_corner_a, co_window_corner_a,
          co_window_of_opportunity_a, co_window_paths_a,
          co_window_of_opportunity_a, co_window_corner_a, co_window_paths_b,
          co_window_paths_a, co_window_unsneaky_path_b, co_window_broadway_b,
          co_window_corner_cb, co_window_4corner_a, glass_columns_a,
          chequers_serial_rivers_large_b, grunt_decor_mini_mirrors
D:4:      layout_gridville, gammafunk_ghost_arena
D:5:      layout_basic, serial_shops, nicolae_shop_crystal
D:6:      layout_rooms, minmay_temple_entry_junction, minmay_stone_trees_medium
D:7:      layout_loops_ring, minitemple, bloody_makhleb, serial_glass,
          glass_columns_b, glass_columns_a, serial_shops, kennysheep_mini,
          uniq_maggie
D:8:      layout_basic, nicolae_overflow_crystal_walls, uniq_maurice, uniq_pikel
D:9:      layout_irregular_city, mainiacjoe_overflow_paths,
          grunt_temple_overflow_open, david_lair_shrubbed, serial_shops, shop,
          hangedman_weighted_door, minmay_statue_bubble
D:10:     layout_stronghold, grunt_ministairs_10, uniq_harold
D:11:     layout_gridville
D:12:     minmay_swirls_squares, layout_long_grid, david_orc_3,
          minmay_misc_feat_encased
Temple:   nicolae_temple_ecumenical_triangle

Skill      XL: |  1  2  3  4  5  6  7  8  9 10 11 |
---------------+----------------------------------+-----
Unarmed Combat | 3 4 5 6 8 11 13 | 13.6
Fighting       | 5 8 10 12 13 14 | 14.8
Shields        | 4 5 |  5.0
Dodging        | |  1.7
Stealth        | |  4.5

Action                     |  1- 3 |  4- 6 |  7- 9 | 10-12 || total
---------------------------+-------+-------+-------+-------++-------
  Melee: Unarmed           |    60 |    15 |   289 |   283 ||   647
         Tailslap          |     6 |     2 |    34 |    44 ||    86
         Punch             |     3 |     1 |     7 |       ||    11
  Throw: Throwing net      |       |       |       |     1 ||     1
Ability: Breathe Steam     |       |       |    26 |    31 ||    57
  Evoke: Wand              |     3 |    15 |     5 |    11 ||    34
         Phial of floods   |       |       |       |     1 ||     1
    Use: Scroll            |     2 |       |       |     3 ||     5
         Potion            |     7 |       |     2 |    16 ||    25
   Stab: Sleeping          |     4 |     1 |    11 |     4 ||    20
         Distracted        |       |       |     1 |       ||     1
         Confused          |       |       |     1 |       ||     1
 Armour: Skin              |    17 |     7 |   102 |   159 ||   285
  Dodge: Dodged            |    34 |     8 |   165 |   164 ||   371
  Block: Buckler           |       |       |    30 |   128 ||   158
         Reflection        |       |       |       |     6 ||     6
